 Dungeon Crawl Stone Soup version 0.31-a0-920-g28cbb04a8c (webtiles) character file.

Game seed: 2890051197118110152

136068 Droidtality99 the Severer (level 16, -14/159 HPs)
             Began as a Minotaur Fighter on Oct 17, 2023.
             Was the Champion of Okawaru.
             Killed from afar by a fenstrider witch (21 damage)
             ... with a toxic sludge
             ... on level 3 of the Swamp.
             The game lasted 00:48:16 (26117 turns).

Droidtality99 the Severer (Minotaur Fighter)       Turns: 26117, Time: 00:48:17

Health: -14/159    AC: 49    Str: 34    XL:     16   Next: 65%
Magic:  16/16      EV:  7    Int:  8    God:    Okawaru [******]
Gold:   1746       SH: 13    Dex: 11    Spells: 15/15 levels left

rFire   . . .        V - +0 broad axe
rCold   . . .        X - +0 kite shield
rNeg    . . .        R - +8 orange crystal plate armour {Archmagi, Int+3 Clar}
rPois   .            v - +1 hat
rElec   .            E - +0 cloak
rCorr   .            u - +2 pair of gloves
SInv    .            C - +0 pair of boots
Will    +....        y - amulet of regeneration Stlth
                     o - +6 ring of strength
HPRegen 1.26/turn    a - ring of the Tortoise {AC+8}
MPRegen 0.15/turn

%: clarity, archmagi
@: lethally poisoned (-14 -> -24)
A: horns 2, retaliatory headbutt
a: Renounce Religion, Heroism, Finesse, Duel


You were on level 3 of the Swamp.
You worshipped Okawaru.
Okawaru was exalted by your worship.
You visited 5 branches of the dungeon, and saw 26 of its levels.
You also visited: Sewer, Ossuary, Bailey and Volcano.

You collected 3602 gold pieces.
You spent 1856 gold pieces at shops.

Inventory:

Hand Weapons
 H - a +0 flail
 L - a +4 battleaxe
 O - a +0 demon whip of venom
 Q - the +4 executioner's axe of Integrity {elec, rC+ rN++ Int-5 SInv}
   (Okawaru gifted it to you on level 12 of the Dungeon)

   Int-5:     It affects your intelligence (-5).
   rC+:       It protects you from cold.
   rN++:      It greatly protects you from negative energy.
   SInv:      It lets you see invisible.
 V - a +0 broad axe (weapon)
Armour
 s - the +3 buckler of Amuemp {rC+ Stlth+}
   (You found it on level 5 of the Dungeon)

   rC+:       It protects you from cold.
   Stlth+:    It makes you more stealthy.
 u - a +2 pair of gloves (worn)
 v - a +1 hat (worn)
 C - a +0 pair of boots (worn)
 E - a +0 cloak (worn)
 R - the +8 orange crystal plate armour (worn) {Archmagi, Int+3 Clar}
   (Okawaru gifted it to you on level 11 of the Dungeon)

   Int+3:     It affects your intelligence (+3).
   Clar:      It protects you from confusion, rage, mesmerisation and fear.
 X - a +0 kite shield (worn)
Jewellery
 a - the ring of the Tortoise (right hand) {AC+8}
   (You bought it in a shop on level 3 of the Dungeon)

   [ring of protection]

   AC+8:      It affects your AC (+8).
 f - a +6 ring of intelligence
 o - a +6 ring of strength (left hand)
 y - an amulet of regeneration (around neck)
Wands
 x - a wand of iceblast (18)
 I - a wand of paralysis (1)
 J - a wand of flame (26)
 U - a wand of digging (2)
Scrolls
 d - 8 scrolls of teleportation
 i - 6 scrolls of fear
 j - 5 scrolls of vulnerability
 k - 7 scrolls of blinking
 l - a scroll of silence
 n - 2 scrolls of noise
 r - 8 scrolls of revelation
 t - a scroll of torment
 w - 7 scrolls of fog
 D - a scroll of immolation
 F - a scroll of poison
 G - 2 scrolls of identify
 N - 2 scrolls of butterflies
 T - a scroll of enchant weapon
 W - a scroll of amnesia
Potions
 b - 5 potions of haste
 c - 2 potions of might
 e - 3 potions of ambrosia
 g - 6 potions of invisibility
 h - 6 potions of mutation
 m - 3 potions of lignification
 p - 8 potions of curing
 q - a potion of magic {unknown}
 z - 3 potions of cancellation
 A - 3 potions of enlightenment {unknown}
 B - 2 potions of attraction
 K - 2 potions of brilliance
 M - 2 potions of berserk rage


   Skills:
 + Level 18.6 Fighting
 - Level 20.1 Axes
 + Level 18.0 Armour
 + Level 16.2 Shields
 + Level 1.8 Invocations


You had 15 spell levels left.
You didn't know any spells.
Your spell library contained the following spells:

 Spells                   Type           Power      Damage    Failure   Level
 Freeze                   Ice            0%         1d3       99%         1
 Kiss of Death            Conj/Necr      0%         2d5       99%         1
 Slow                     Hex            0%         N/A       99%         1
 Sublimation of Blood     Necr           0%         N/A       100%        2
 Confusing Touch          Hex            0%         N/A       100%        3
 Frozen Ramparts          Ice            0%         1d1       100%        3
 Gell's Gravitas          Tloc           0%         N/A       100%        3
 Hailstorm                Conj/Ice       0%         3d3       100%        3
 Sigil of Binding         Hex            0%         N/A       100%        3
 Teleport Other           Tloc           0%         N/A       100%        3
 Vampiric Draining        Necr           0%         2d6       100%        3
 Dispel Undead            Necr           0%         3d6       100%        4
 Leda's Liquefaction      Hex/Erth       0%         N/A       100%        4
 Conjure Ball Lightning   Conj/Air       0%         3x3d6     100%        6
 Dispersal                Tloc           0%         N/A       100%        6
 Discord                  Hex            0%         N/A       100%        8
 Disjunction              Tloc           0%         N/A       100%        8
 Infestation              Necr           Unusable   N/A       N/A         8

Dungeon Overview and Level Annotations

Branches:
Dungeon (14/15)            Temple (1/1) D:5            Lair (5/5) D:8
  Swamp (3/4) Lair:3        Snake (0/4) Lair:2        Slime (0/5) Lair:5
    Orc (2/2) D:12            Elf (0/3) Orc:2        Vaults (0/5) D:13
  Sewer (visited)         Ossuary (visited)          Bailey (visited)
Volcano (visited)

Altars:
Ashenzari
Cheibriados
Dithmenos
Elyvilon
Fedhas
Gozag
Hepliaklqana
Kikubaaqudgha
Makhleb
Nemelex Xobeh
Okawaru
Qazlal
Ru
Sif Muna
Trog
Uskayaw
Vehumet
Wu Jian
Xom
Yredelemnul
Zin
The Shining One

Shops:
D:3 =   D:4 !   D:10 =   D:11 !   Orc:2 ([:*(


Innate Abilities, Weirdness & Mutations

You have a pair of horns on your head.
You reflexively headbutt those who attack you in melee.


Message History

The fenstrider witch gestures at you while chanting.
You struggle to resist.
There is a stone staircase leading up here.
The fenstrider witch points at you and mumbles some strange words.
You suddenly lose the ability to move!
You can move again.
The fenstrider witch casts a spell at you.
You shrug off the repeated paralysis!
There is a stone staircase leading up here.
The fenstrider witch points at you and mumbles some strange words.
You barely resist. You slice the fenstrider witch!!
The fenstrider witch is heavily wounded.
The fenstrider witch hits you but does no damage.
The fenstrider witch kicks you but does no damage.
You miss the fenstrider witch.
Your headbutt misses the fenstrider witch.
The fenstrider witch is heavily wounded.
The fenstrider witch points at you and mumbles some strange words.
You suddenly lose the ability to move!
The fenstrider witch hits you!
* * * LOW HITPOINT WARNING * * *
The fenstrider witch kicks you but does no damage.
The fenstrider witch hits you but does no damage.
The fenstrider witch kicks you.
* * * LOW HITPOINT WARNING * * *
The fenstrider witch hits you!
* * * LOW HITPOINT WARNING * * *
The fenstrider witch kicks you but does no damage.
The fenstrider witch hits you!
* * * LOW HITPOINT WARNING * * *
The fenstrider witch kicks you but does no damage.
You can move again.
You closely miss the fenstrider witch.
Your headbutt misses the fenstrider witch.
The fenstrider witch is heavily wounded.
The fenstrider witch points at you and mumbles some strange words.
The toxic sludge hits you!!
You are lethally poisoned!
You die...

..~.~♣ ♣.§H..~.♣.♣~~~♣ ♣♣~~♣
♣.~ ♣♣♣.~♣♣♣.~..♣.~~..~~~♣
♣♣.♣♣♣~~ ♣
♣...♣♣...♣♣..~♣~.~.♣ ♣..♣♣~~~
♣♣~♣♣...♣♣♣♣~~~~.~~♣♣
♣♣...~.~♣ ♣.♣♣x..♣
♣♣~♣♣~..~.♣ ♣.~~~~♣~~
♣♣♣..~~.♣♣
♣..♣..~~~~♣♣♣.♣~.~~~♣
♣♣....~~.♣
♣♣~.~.~~~~~~~~~...~~~~
<§~~♣.~.♣♣
♣~~§~H~~~~~~....♣^~.>§
♣♣♣♣♣~~~♣
♣♣~~.~@~~~~~~§.~~♣.~~~~
♣♣~.♣♣♣.~..~..~~~~§~..♣♣♣.♣~.
♣.~~♣♣~~.~~.♣♣♣♣~♣~~.♣♣~~~~.
♣♣~.♣~..~~.~♣ ♣~~~~♣♣♣♣..~.
♣..♣~~~~~♣♣♣♣♣♣♣~~.♣ ♣~♣~>
♣.♣..~~~~♣♣≈≈♣♣♣~~~♣ ♣♣~~♣♣
♣..♣♣.~♣~~♣≈≈≈≈≈~.~♣ ♣§.~~~
♣♣.♣♣.~~~♣♣≈≈≈≈♣~~.♣♣♣~~.~~
♣..~...~♣♣♣≈♣♣♣~~..♣♣~.~~.


You could see a fenstrider witch.

Vanquished Creatures
  Bai Suzhen (Swamp:2)
  The ghost of Eboth the Blocker, an adept GnFi of Okawaru (Swamp:2)
  Roxanne (Swamp:2)
  2 orc warlords
  4 eleionomae
  A red draconian (Volcano)
  2 bunyips
  Josephine (Orc:2)
  Fannar (Lair:2)
  3 vault guards (D:13)
  13 hydras
  10 alligators
  An ogre mage (Orc:1)
  A merfolk avatar (Lair:5)
  8 ghost crabs
  4 centaur warriors
  3 boulder beetles
  4 two-headed ogres
  3 death yaks (Lair:5)
  A tengu warrior (D:14)
  An orc high priest (Orc:2)
  A spriggan berserker (Swamp:2)
  4 spriggans
  Urug (Orc:2)
  Amaemon (D:11)
  3 arcanists (D:13)
  5 skysharks (Lair:5)
  4 swamp dragons
  4 goliath frogs
  A sea snake (Lair:5)
  A deep troll (Lair:1)
  9 spriggan druids
  3 harpies (Lair:5)
  A necromancer (D:13)
  A wolf spider (D:12)
  A deep elf zephyrmancer (D:12)
  2 deep elf pyromancers
  3 orc knights
  13 ugly things
  A manticore (D:13)
  3 oklob plants (Lair:5)
  3 orc sorcerers (Orc:2)
  4 will-o-the-wisps
  7 cyclopes
  20 elephants
  4 apocalypse crabs (Swamp:3)
  4 black mambas
  An orange demon (D:11)
  2 molten gargoyles (Volcano)
  A gargoyle (D:10)
  11 cane toads
  Maggie (Lair:2)
  An unseen horror (D:12)
  11 komodo dragons
  A kobold demonologist (D:12)
  4 rime drakes
  3 trolls
  2 polar bears (Lair:5)
  A tyrant leech (Swamp:1)
  Prince Ribbit (Lair:2)
  8 blink frogs
  7 hornets
  7 dream sheep (Lair:5)
  3 shadows
  9 slime creatures
  2 vampires
  6 wyverns
  18 humans (D:13)
  A centaur simulacrum (D:12)
  41 yaks
  A water elemental (D:11)
  7 wraiths
  5 basilisks
  2 fire bats (Volcano)
  2 steam dragons
  12 vampire mosquitoes
  12 swamp worms
  2 wargs (Orc:2)
  A naga (Lair:2)
  An acid dragon (D:12)
  14 water moccasins
  4 swamp drakes
  A sky beast (D:7)
  3 ice beasts
  15 ogres
  17 orc warriors
  3 black bears
  3 boggarts (D:14)
  8 centaurs
  12 wolves
  5 phantoms
  15 bullfrogs
  An elf zombie (Ossuary)
  A gnoll sergeant (D:12)
  Blork the orc (Orc:2)
  2 scorpions
  14 wights
  3 killer bees (D:11)
  2 electric eels
  10 howler monkeys
  5 lava snakes (Volcano)
  6 crimson imps (D:10)
  2 human zombies (Ossuary)
  2 centaur zombies (Ossuary)
  7 jellies
  4 hounds
  12 orc priests
  4 iguanas
  A sleepcap (D:5)
  13 orc wizards
  A hound zombie (Ossuary)
  4 mummies
  A gnoll (Bailey)
  A river rat (Sewer)
  16 adders
  A shadow imp (D:6)
  4 white imps
  2 ufetubi (D:5)
  5 adder zombies (Ossuary)
  5 worms
  A dart slug (D:4)
  38 orcs
  13 ball pythons
  19 endoplasms
  3 giant cockroaches
  A gnoll zombie (Ossuary)
  17 goblins
  9 hobgoblins
  4 jackals (D:1)
  15 kobolds
  3 quokkas (D:1)
  5 bats
  6 frilled lizards
  A goblin zombie (Ossuary)
  9 hobgoblin zombies (Ossuary)
  2 jackal zombies (Ossuary)
  A kobold zombie (Ossuary)
  An orc zombie (Ossuary)
  5 quokka zombies (Ossuary)
  8 rats
  6 rat zombies (Ossuary)
754 creatures vanquished.

Vanquished Creatures (others)
  A tyrant leech (Swamp:3)
  A hornet (Swamp:3)
  4 spriggans (Swamp:3)
  A boggart (D:14)
  31 foxfires
38 creatures vanquished.

Grand Total: 792 creatures vanquished

Notes
Turn   | Place    | Note
-------+----------+-------------------------------------------
     0 | D:1      | Droidtality99 the Minotaur Fighter began the quest for the
                  | Orb.
     0 | D:1      | Reached XP level 1. HP: 19/19 MP: 0/0
   239 | D:1      | Reached XP level 2. HP: 22/27 MP: 1/1
   392 | D:1      | Reached skill level 3 in Axes
   678 | D:2      | Reached XP level 3. HP: 33/33 MP: 2/2
   947 | D:2      | Reached skill level 4 in Axes
  1067 | D:2      | Reached XP level 4. HP: 40/40 MP: 3/3
  1371 | D:3      | Found Nielach's Jewellery Shoppe.
  1504 | D:3      | Noticed an ogre
  1723 | D:3      | Killed an ogre
  1724 | D:3      | Reached skill level 5 in Axes
  1724 | D:3      | Reached XP level 5. HP: 21/46 MP: 4/4
  2033 | D:3      | Found a faded altar of an unknown god.
  2625 | D:4      | Found Ziolo's Distillery.
  2626 | D:4      | Found a stormy altar of Qazlal.
  2630 | D:4      | Noticed a fire elemental
  2633 | D:4      | Bought a potion of curing for 36 gold pieces
  2637 | D:4      | Noticed a water elemental
  2637 | D:4      | Noticed an air elemental
  2719 | D:4      | Reached skill level 6 in Axes
  2730 | D:4      | Reached XP level 6. HP: 42/53 MP: 5/5
  2835 | D:4      | Found a shimmering blue altar of Sif Muna.
  3096 | D:5      | Entered Level 5 of the Dungeon
  3116 | D:5      | Found a burning altar of Makhleb.
  3120 | D:5      | Reached skill level 5 in Armour
  3156 | D:5      | Found a staircase to the Ecumenical Temple.
  3198 | D:5      | Reached skill level 7 in Axes
  3208 | Temple   | Entered the Ecumenical Temple
  3231 | Temple   | Became a worshipper of Warmaster Okawaru
  3505 | D:5      | Reached XP level 7. HP: 60/60 MP: 6/6
  3522 | D:5      | Reached skill level 5 in Fighting
  3552 | D:5      | Reached * piety under Okawaru
  3553 | D:5      | Reached skill level 8 in Axes
  3860 | D:5      | Identified the +3 buckler of Amuemp {rC+ Stlth+}
  4575 | D:5      | Reached skill level 9 in Axes
  4575 | D:5      | Reached XP level 8. HP: 69/69 MP: 7/7
  5032 | D:6      | Reached skill level 10 in Axes
  5057 | D:6      | Reached ** piety under Okawaru
  5190 | D:6      | Found a glowing drain.
  5209 | Sewer    | Entered a sewer
  5387 | Sewer    | Found a viscous altar of Jiyva.
  5970 | D:6      | Found a hazy altar of Hepliaklqana.
  5978 | D:6      | Found an ancient bone altar of Kikubaaqudgha.
  5979 | D:6      | Found a broken altar of Ashenzari.
  6114 | D:7      | Reached skill level 11 in Axes
  6114 | D:7      | Reached skill level 5 in Shields
  6233 | D:7      | Reached XP level 9. HP: 75/75 MP: 8/8
  6245 | D:7      | Reached *** piety under Okawaru
  6253 | D:7      | Found a sand-covered staircase.
  6261 | Ossuary  | Entered an ossuary
  6363 | Ossuary  | Reached skill level 12 in Axes
  6721 | D:7      | Reached skill level 13 in Axes
  6729 | D:7      | Reached **** piety under Okawaru
  7126 | D:8      | Reached skill level 14 in Axes
  7133 | D:8      | Reached XP level 10. HP: 86/86 MP: 9/9
  7157 | D:8      | Found a staircase to the Lair.
  7560 | D:8      | Reached skill level 15 in Axes
  7699 | D:8      | Reached ***** piety under Okawaru
  8050 | D:9      | Noticed a centaur warrior
  8063 | D:9      | Killed a centaur warrior
  8676 | D:9      | Reached skill level 16 in Axes
  8728 | Bailey   | Identified the "Ycveih"
  8728 | D:10     | Entered Level 10 of the Dungeon
  8757 | D:10     | Reached XP level 11. HP: 92/94 MP: 10/10
  8758 | D:10     | Noticed a two-headed ogre
  8775 | D:10     | Killed a two-headed ogre
  8919 | D:10     | Reached ****** piety under Okawaru
  9006 | D:10     | Identified the +0 orcbow "Pyisuwny" {flame, Will+}
  9121 | D:10     | Found Miuggycs's Jewellery Boutique.
  9125 | D:10     | Found a flagged portal.
  9161 | Bailey   | Entered a bailey
  9166 | Bailey   | Noticed an orc warlord
  9201 | Bailey   | Found a runed translucent gate.
  9201 | Bailey   | Found a runed translucent gate.
  9201 | Bailey   | Found a runed translucent gate.
  9334 | Bailey   | Killed an orc warlord
  9335 | Bailey   | Reached skill level 17 in Axes
  9473 | Bailey   | Reached skill level 10 in Fighting
  9473 | Bailey   | Reached XP level 12. HP: 107/107 MP: 11/11
  9962 | D:11     | Received a gift from Okawaru
  9999 | D:11     | Found Adumeell's Distillery.
 10007 | D:11     | Bought a potion of heal wounds for 60 gold pieces
 10007 | D:11     | Bought a potion of curing for 36 gold pieces
 10018 | D:11     | Bought a potion of berserk rage for 60 gold pieces
 10058 | D:11     | Noticed a two-headed ogre
 10072 | D:11     | Killed a two-headed ogre
 10184 | D:11     | Noticed a two-headed ogre
 10209 | D:11     | Killed a two-headed ogre
 10518 | D:11     | Noticed Amaemon
 10531 | D:11     | Killed Amaemon
 10666 | D:11     | Noticed a boulder beetle
 10680 | D:11     | Killed a boulder beetle
 11117 | D:12     | Received a gift from Okawaru
 11118 | D:12     | Acquired the +4 executioner's axe of Integrity {elec, rC+
                  | rN++ Int-5 SInv}
 11118 | D:12     | Received a gift from Okawaru
 11125 | D:12     | Lost intelligence.
 11303 | D:12     | Reached XP level 13. HP: 84/116 MP: 12/12
 11307 | D:12     | Reached skill level 18 in Axes
 11469 | D:11     | Acquired the +8 orange crystal plate armour {Archmagi,
                  | Int+3 Clar}
 11469 | D:11     | Received a gift from Okawaru
 11469 | D:11     | Found the +8 orange crystal plate armour {Archmagi, Int+3
                  | Clar}
 11768 | D:12     | Found a staircase to the Orcish Mines.
 12099 | D:12     | Received a gift from Okawaru
 12151 | D:12     | Reached skill level 10 in Shields
 12917 | D:13     | Found an iron altar of Okawaru.
 13132 | D:13     | Reached skill level 19 in Axes
 13239 | D:13     | Received a gift from Okawaru
 13312 | D:13     | Found a gate to the Vaults.
 13331 | D:13     | Received a gift from Okawaru
 13385 | D:13     | Identified the +5 chain mail "Leivoitu" {rF- rN+ Str+3
                  | Slay+3}
 13977 | D:14     | Reached XP level 14. HP: 78/127 MP: 13/13
 14400 | D:14     | Reached skill level 20 in Axes
 14410 | D:14     | Received a gift from Okawaru
 14537 | D:14     | Found a sparkling altar of Nemelex Xobeh.
 15161 | Orc:1    | Entered Level 1 of the Orcish Mines
 15706 | Orc:2    | Entered Level 2 of the Orcish Mines
 15715 | Orc:2    | Reached skill level 1 in Invocations
 15733 | Orc:2    | Noticed Josephine
 15748 | Orc:2    | Killed Josephine
 15889 | Orc:2    | Found Pirilol's Antique Weapon Shop.
 16086 | Orc:2    | Noticed Blork the orc
 16090 | Orc:2    | Noticed an orc warlord
 16099 | Orc:2    | Killed Blork the orc
 16200 | Orc:2    | Found a staircase to the Elven Halls.
 16250 | Orc:2    | Noticed Urug
 16264 | Orc:2    | Killed an orc warlord
 16275 | Orc:2    | Killed Urug
 16407 | Orc:2    | Found Vihoq's Book Emporium.
 16436 | Orc:2    | Found Nyefigami's Antique Armour Emporium.
 16490 | Orc:2    | Found Iragug's Antique Weapon Emporium.
 16519 | Orc:2    | Found Zotuich's General Store.
 16975 | D:3      | Bought the ring of the Tortoise {AC+8} for 1664 gold pieces
 16975 | D:3      | Found the ring of the Tortoise {AC+8}
 17055 | Lair:1   | Entered Level 1 of the Lair of Beasts
 17123 | Lair:1   | Received a gift from Okawaru
 17462 | Lair:1   | Reached skill level 15 in Armour
 17991 | Lair:2   | Noticed Fannar
 18000 | Lair:2   | Killed Fannar
 18023 | Lair:2   | Noticed Prince Ribbit
 18025 | Lair:2   | Found a dark tunnel.
 18027 | Lair:2   | Killed Prince Ribbit
 18048 | Volcano  | Entered a volcano
 18385 | Volcano  | Found a bloodstained altar of Trog.
 18404 | Volcano  | Reached skill level 15 in Fighting
 18610 | Lair:2   | Noticed Maggie
 18629 | Lair:2   | Paralysed by Maggie for 2 turns
 18633 | Lair:2   | Killed Maggie
 18636 | Lair:2   | You fall into a shaft and drop 1 floor!
 19025 | Lair:3   | Reached XP level 15. HP: 90/141 MP: 15/15
 19072 | Lair:3   | Received a gift from Okawaru
 19076 | Lair:3   | Found a staircase to the Swamp.
 20285 | Lair:5   | Entered Level 5 of the Lair of Beasts
 20477 | Lair:5   | Received a gift from Okawaru
 20505 | Lair:5   | Identified the +7 trident of Reinforcement {protect, rN++
                  | Str+4 Dex+3}
 20687 | Lair:5   | Found a staircase to the Slime Pits.
 20931 | Lair:5   | Received a gift from Okawaru
 21150 | Lair:5   | Identified the +5 dagger of Qezo {drain, rN++}
 21973 | Lair:2   | Found a staircase to the Snake Pit.
 22694 | Swamp:1  | Entered Level 1 of the Swamp
 22790 | Swamp:1  | Received a gift from Okawaru
 23388 | Swamp:2  | Reached XP level 16. HP: 145/156 MP: 16/16
 23992 | Swamp:2  | Reached skill level 15 in Shields
 24057 | Swamp:2  | Received a gift from Okawaru
 24213 | Swamp:2  | Found a runed translucent door.
 24220 | Swamp:2  | Noticed Eboth's ghost (adept GnFi)
 24251 | Swamp:2  | Noticed Roxanne
 24278 | Swamp:2  | Killed Roxanne
 24629 | Swamp:2  | Killed Eboth's ghost
 24662 | Swamp:2  | Identified a scroll of acquirement
 24663 | Swamp:2  | Acquired 726 gold pieces
 25351 | Swamp:3  | Noticed Bai Suzhen
 25401 | Swamp:2  | Killed Bai Suzhen
 25585 | Swamp:3  | Found a runed translucent door.
 25741 | Swamp:3  | Received a gift from Okawaru
 25933 | Swamp:3  | Paralysed by you for 2 turns
 25988 | Swamp:3  | Identified the +8 chain mail of Courage {Rampage rPois rN+}
 26071 | Swamp:4  | Entered Level 4 of the Swamp
 26093 | Swamp:3  | Paralysed by a fenstrider witch for 3 turns
 26097 | Swamp:3  | HP: 7/159 [poisoned by a fenstrider witch]
 26107 | Swamp:3  | Paralysed by a fenstrider witch for 2 turns
 26113 | Swamp:3  | Paralysed by a fenstrider witch for 3 turns
 26116 | Swamp:3  | HP: 7/159 [fenstrider witch (7)]
 26117 | Swamp:3  | Killed from afar by a fenstrider witch

Illustrated notes

Levels and vault maps discovered:
D:1:      dpeg_arrival_boxes_within_box, layout_basic
D:2:      layout_loops_cross
D:3:      cheibrodos_helix_gallery, layout_basic,
          shapermc_ecumenical_altar_hornbeckon, serial_shops,
          nicolae_shop_gibbet_a_chance, kennysheep_nondescript
D:4:      layout_rooms, nicolae_sif_muna_condensation,
          nicolae_qazlal_style_of_elements, serial_shops,
          nicolae_shop_tiny_statue_garden
D:5:      layout_gridville, makhleb_heckhound_becter,
          minmay_temple_entry_proselytizer, minmay_chambers_of_fives
D:6:      lemuel_ice_spiral_2, layout_basic, minitemple,
          cheibrodos_sewer_entry_bend, nrook_loot_triangle
D:7:      layout_loops_ring, gup_ossuary_entry_pyramid
D:8:      layout_gridville, due_lair_maze_entry_diamond, serial_bayou_pond_d
D:9:      layout_basic
D:10:     layout_basic, enter_bailey_3, serial_shops, shop, minmay_nine_imps
D:11:     layout_irregular_city, serial_shops, nicolae_shop_industrial_runoff,
          water_boxes_lemuel, uniq_amaemon
D:12:     minmay_the_grid_triangle_9x9_rhombus_full_mashed
          [minmay_the_grid_triangle_9x9_windchime,
          minmay_the_grid_triangle_9x9_shrine,
          minmay_the_grid_triangle_9x9_checkered,
          minmay_the_grid_triangle_9x9_descending_squares,
          minmay_the_grid_triangle_9x9_stretched_checkered,
          minmay_the_grid_triangle_9x9_wacky_v,
          minmay_the_grid_triangle_9x9_negative_grid,
          minmay_the_grid_triangle_9x9_prize_insulated], layout_basic,
          orc_0_dummy
D:13:     layout_layer_cave, grunt_vaults_entry_tiered,
          okawaru_altar_gauntlet_db
D:14:     layout_layer_cave, nemelex_lonely_heart_becter
Temple:   lightli_temple_of_artemis
Lair:1:   dreamdust_cave_troll, layout_small_grid
Lair:2:   layout_regular_city, guppyfry_snake_entry_island,
          nicolae_volcano_entry_lava_flow, grunt_forest_large_clearings,
          uniq_fannar, uniq_prince_ribbit2, uniq_maggie
Lair:3:   layout_loops_ring, alex1729_swamp_entry_worm_eleionoma,
          serial_bayou_lake_a
Lair:4:   layout_roguey, infiniplex_staircase_pool
Lair:5:   gammafunk_lair_ancient_temple, layout_gridlike,
          minmay_slime_entry_oklob_enclosed, serial_forest,
          infiniplex_forest_clump_long, infiniplex_forest_clump_diagonal,
          infiniplex_forest_end_3, infiniplex_forest_split,
          infiniplex_forest_lined_room_2, infiniplex_forest_end_2,
          infiniplex_forest_side_room, infiniplex_forest_lined_1,
          infiniplex_forest_lined_3, infiniplex_forest_straight_2
Swamp:1:  layout_basic_swamp, hangedman_swamp_pad, swamp_pool1
Swamp:2:  layout_basic_swamp, ebering_ghost_inner_flame,
          evilmike_swamp_ruin_house_3, uniq_roxanne
Swamp:3:  gammafunk_mikee_crab_dinner, layout_falls_marsh,
          evilmike_swamp_ruin_house_4, swamp_pool5, uniq_bai_suzhen
Swamp:4:  swamp_alternative, layout_basic_swamp, swamp_pool1, worms_lemuel,
          infiniplex_staircase_pool_2
Orc:1:    layout_diamond_mine, mines4_lemuel
Orc:2:    grunt_orc_cross, layout_diamond_mine, serial_shops,
          nicolae_square_shop, uniq_josephine

Skill      XL: |  1  2  3  4  5  6  7  8  9 10 11 12 13 14 15 16 |
---------------+-------------------------------------------------+-----
Axes           | 3 4 5 6 7 9 11 14 16 17 19 20 | 20.1
Armour         | 4 5 6 7 8 11 12 13 15 16 18 | 18.0
Fighting       | 4 5 6 7 10 11 12 15 17 18 | 18.6
Shields        | 4 5 6 9 10 12 14 16 | 16.2
Invocations    | 1 |  1.8

Action                     |  1- 3 |  4- 6 |  7- 9 | 10-12 | 13-15 | 16-18 || total
---------------------------+-------+-------+-------+-------+-------+-------++-------
  Melee: War axe           |    60 |   123 |   331 |   344 |   497 |       ||  1355
         Headbutt          |    13 |    19 |    56 |    77 |   289 |    85 ||   539
         Executioner's axe |       |       |       |    17 |    13 |       ||    30
         Demon whip        |       |       |       |       |    41 |    58 ||    99
         Broad axe         |       |       |       |       |   631 |   309 ||   940
 Invoke: Heroism           |       |       |       |     2 |     5 |       ||     7
         Finesse           |       |       |       |     1 |     1 |       ||     2
         Receive Weapon    |       |       |       |     1 |       |       ||     1
         Receive Armour    |       |       |       |       |     1 |       ||     1
    Use: Potion            |       |     1 |     1 |     3 |     7 |     4 ||    16
         Scroll            |       |       |    10 |       |    16 |     6 ||    32
   Stab: Paralysed         |       |       |       |       |       |     2 ||     2
 Armour: Scale mail        |    43 |       |       |       |       |       ||    43
         Chain mail        |    13 |    99 |   171 |       |       |       ||   283
         Plate armour      |       |       |     9 |   273 |    38 |       ||   320
         Crystal plate arm |       |       |       |       |  1093 |   628 ||  1721
  Dodge: Dodged            |    25 |    43 |    85 |    99 |   285 |   133 ||   670
  Block: Buckler           |    14 |    18 |    98 |    84 |   466 |    61 ||   741
         Kite shield       |       |       |       |       |       |   198 ||   198

Table legend: (Time is in decaauts)
 A = Elapsed time spent in this place.
 B = Non-inter-level travel time spent in this place.
 C = Inter-level travel time spent in this place.
 D = Time resting spent in this place.
 E = Time spent auto-exploring this place.
 F = Levels seen in this place.
 G = Mean time per level.
                   A        B        C        D        E       F      G
               +--------+--------+--------+--------+--------+-----+--------+
         Total |  26047 |  23144 |   2903 |   3336 |  14912 |  30 |  868.2 |
       Dungeon |  14566 |  12513 |   2053 |   1920 |   8426 |  14 | 1040.4 |
        Temple |    213 |    192 |     21 |    173 |     10 |   1 |  213.0 |
          Lair |   4757 |   4278 |    479 |     31 |   3532 |   5 |  951.4 |
         Swamp |   3442 |   3234 |    208 |   1026 |   1383 |   4 |  860.5 |
  Orcish Mines |   1560 |   1419 |    141 |    186 |    971 |   2 |  780.0 |
         Sewer |    336 |    336 |      0 |      0 |    195 |   1 |  336.0 |
       Ossuary |    277 |    277 |      0 |      0 |    110 |   1 |  277.0 |
        Bailey |    363 |    363 |      0 |      0 |    136 |   1 |  363.0 |
       Volcano |    529 |    529 |      0 |      0 |    147 |   1 |  529.0 |
               +--------+--------+--------+--------+--------+-----+--------+

Top non-repeatable levels by time:
 Swamp:2: 1457 daAuts
    D:11: 1418 daAuts
    D:12: 1405 daAuts
    D:14: 1346 daAuts
     D:5: 1284 daAuts
    D:13: 1271 daAuts
 Swamp:1: 1153 daAuts
  Lair:5: 1138 daAuts
     D:6: 1047 daAuts
     D:3: 1014 daAuts
   Orc:2: 1005 daAuts
  Lair:1: 963 daAuts
     D:8: 959 daAuts
  Lair:3: 944 daAuts
     D:2: 931 daAuts
